 Dungeon Crawl Stone Soup version 0.27-a0-931-g5a74e75d8f (webtiles) character file.

Game seed: 3825614714242760390

8 Alarkh the Insei (level 2, 22/22 HPs)
             Began as a Demonspawn Gladiator on Apr 10, 2021.
             Got out of the dungeon alive.
             The game lasted 00:00:38 (625 turns).

Alarkh the Insei (Demonspawn Gladiator)              Turns: 625, Time: 00:00:39

Health: 22/22      AC:  4    Str: 14    XL:     2   Next: 0%
Magic:  2/2        EV: 12    Int:  9    God:
Gold:   52         SH:  0    Dex: 14    Spells: 1/1 levels left

rFire    . . .     SeeInvis .     - Unarmed
rCold    . . .     Faith    .   (no shield)
rNeg     . . .     Spirit   .   a - +0 leather armour
rPois    .         Reflect  .   b - +0 helmet
rElec    .         Harm     .   (no cloak)
rCorr    .         Rampage  .   (no gloves)
Will     .....                  (no boots)
Stlth    +.........             (no amulet)
HPRegen  0.07/turn              (no ring)
MPRegen  0.08/turn              (no ring)

@: no status effects
A: foul stench 1
a: no special abilities


You escaped.
You visited 1 branch of the dungeon, and saw 1 of its levels.

You collected 52 gold pieces.

Inventory:

Missiles
 c - 3 throwing nets (quivered)
Armour
 a - a +0 leather armour (worn)
 b - a +0 helmet (worn)
Scrolls
 f - a scroll of immolation {unknown}
Potions
 d - 2 potions of curing {unknown}
 e - a potion of heal wounds {unknown}


   Skills:
 + Level 2.2 Fighting
 - Level 1.7 Throwing
 - Level 2.6 Dodging
 * Level 3.1 Unarmed Combat


You had one spell level left.
You didn't know any spells.
Your spell library was empty.

Dungeon Overview and Level Annotations

Branches:
Dungeon (1/15)

Altars:


Innate Abilities, Weirdness & Mutations

You may rarely emit foul miasma when damaged in melee.


Message History

There is a stone staircase leading down here.
Found a trident.
You now have 41 gold pieces (gained 15).
f - a scroll labelled ITI OZATEB You now have 52 gold pieces (gained 11).
Found a ring mail.
A kobold comes into view. It is wielding a +0 club.
The kobold shouts!
A kobold is nearby!
A kobold is nearby!
The kobold closely misses you.
You hit the kobold but do no damage.
A bat comes into view.
The kobold hits you with a +0 club.
You hit the kobold but do no damage. The kobold closely misses you.
You hit the kobold.
You kill the kobold!
The bat hits you but does no damage.
Your Unarmed Combat skill increases to level 3!
You closely miss the bat. The bat hits you but does no damage.
The bat misses you.
You closely miss the bat. The bat barely misses you.
The bat hits you but does no damage.
You miss the bat. The bat misses you. x2
You miss the bat. The bat misses you. The bat closely misses you.
The bat hits you but does no damage. The bat barely misses you. x2
You hit the bat.
You kill the bat!
You have reached level 2!
Your demonic ancestry asserts itself...
You begin to emit a foul stench of rot and decay.
Unknown command.
You see here 18 sling bullets.
You see here a ball python skeleton.
There is a large open door here.
There is a staircase leading out of the dungeon here.
Are you sure you want to leave the Dungeon?
This will make you lose the game!
You have escaped!

#.#.# #.#.# #.#.# #.#.##
###### #....#####....##
#..#..รท.#.####.#
#....##.'####8.#
#.#.###.'#...#.# #.#.#
###..@.#.#### ##.#.#
##...#.#..# #..#.#
####.#.##.# #####.##(#
#.###..##.# #
.........#####.# #####.# #
#####.##.......# #.# #
#.##.#####.# #.# ## #.#...##
#.# #.# ##. ##
#......###.#######.########..


There were no monsters in sight!

Vanquished Creatures
  A bat (D:1)
  A hobgoblin (D:1)
  2 jackals (D:1)
  A kobold (D:1)
  A ball python (D:1)
  A rat (D:1)
7 creatures vanquished.

Notes
Turn   | Place    | Note
-------+----------+-------------------------------------------
     0 | D:1      | Alarkh the Demonspawn Gladiator began the quest for the
                  | Orb.
     0 | D:1      | Reached XP level 1. HP: 16/16 MP: 1/1
   566 | D:1      | Reached skill level 3 in Unarmed Combat
   575 | D:1      | Gained mutation: You may rarely emit foul miasma when
                  | damaged in melee. [demonic ancestry]
   575 | D:1      | Reached XP level 2. HP: 18/22 MP: 2/2
   625 | D:$      | Got out of the dungeon alive.

Illustrated notes

Levels and vault maps discovered:
D:1:      saegor_arrival_simple_e, layout_loops_ring,
          hellmonk_ecumenical_altar_leap_of_faith

Skill      XL: |  1 |
---------------+----+-----
Unarmed Combat | 3 |  3.1
Fighting       | |  2.2
Throwing       | |  1.7
Dodging        | |  2.6

Action                   || total
-------------------------++-------
Melee: Unarmed           ||    46
Armor: Leather armour    ||    14
Dodge: Dodged            ||    25

Table legend: (Time is in decaauts)
 A = Elapsed time spent in this place.
 B = Non-inter-level travel time spent in this place.
 C = Inter-level travel time spent in this place.
 D = Time resting spent in this place.
 E = Time spent auto-exploring this place.
 F = Levels seen in this place.
 G = Mean time per level.
                   A        B        C        D        E       F      G
               +--------+--------+--------+--------+--------+-----+--------+
         Total |    622 |    573 |     49 |    134 |    353 |   1 |  622.0 |
       Dungeon |    622 |    573 |     49 |    134 |    353 |   1 |  622.0 |
               +--------+--------+--------+--------+--------+-----+--------+

Top non-repeatable levels by time:
     D:1: 622 daAuts
